 Dungeon Crawl Stone Soup version 0.20.1-1-g8b1a95d (webtiles) character file.

74 gobwax the Firebug (level 4, -4/30 HPs)
             Began as a Demonspawn Fire Elementalist on Aug 25, 2017.
             Slain by an iguana (5 damage)
             ... on level 3 of the Dungeon.
             The game lasted 00:02:54 (2299 turns).

gobwax the Firebug (Demonspawn Fire Elementalist)   Turns: 2299, Time: 00:02:55

Health: -4/30      AC:  2    Str:  8    XL:     4   Next: 10%
Magic:  5/7        EV: 12    Int: 18    God:
Gold:   122        SH:  0    Dex: 13    Spells: 7/8 levels left

rFire    . . .     SeeInvis .   e - +0 dagger (venom)
rCold    . . .     Gourm    .   (no shield)
rNeg     . . .     Faith    .   a - +0 robe
rPois    .         Spirit   .   (helmet restricted)
rElec    .         Reflect  .   (no cloak)
rCorr    .         Harm     .   (no gloves)
MR       +....                  (no boots)
Stlth    ++........             (no amulet)
Regen    0.1/turn               m - ring of protection from magic
MPRegen  0.1/turn               (no ring)

@: no status effects
A: antennae 1, talons 1
a: no special abilities


You were on level 3 of the Dungeon.
You were not hungry.

You visited 1 branch of the dungeon, and saw 3 of its levels.

You collected 122 gold pieces.

Inventory:

Hand Weapons
 e - a +0 dagger of venom (weapon)
Armour
 a - a +0 robe (worn)
Jewellery
 m - a ring of protection from magic (left hand)
Scrolls
 d - a scroll of enchant armour {unknown}
 g - a scroll of blinking {unknown}
 h - 2 scrolls of immolation {unknown}
 i - a scroll of recharging {unknown}
 j - 3 scrolls of remove curse {unknown}
 l - 2 scrolls of teleportation {unknown}
 p - a scroll of enchant weapon {unknown}
Potions
 k - 2 potions of curing
 n - a potion of haste {unknown}
Books
 b - a book of Flames

   Spells                             Type                      Level
   a - Flame Tongue                   Conjuration/Fire             1
   b - Throw Flame                    Conjuration/Fire             2
   c - Conjure Flame                  Conjuration/Fire             3
   d - Inner Flame                    Hexes/Fire                   3
   e - Sticky Flame                   Conjuration/Fire             4
   f - Fireball                       Conjuration/Fire             5
Comestibles
 c - 4 bread rations
 f - a meat ration
 o - 2 royal jellies


   Skills:
 + Level 1.5 Short Blades
 - Level 1.7 Dodging
 - Level 1.7 Stealth
 + Level 2.5 Spellcasting
 + Level 1.0 Conjurations
 + Level 3.7 Fire Magic


You had 7 spell levels left.
You knew the following spells:

 Your Spells              Type           Power        Failure   Level  Hunger
a - Flame Tongue          Conj/Fire      ##...        6%          1    #......


Dungeon Overview and Level Annotations

Branches:
Dungeon (3/15)

Altars:


Innate Abilities, Weirdness & Mutations

You have a pair of small antennae on your head.
You have sharp toenails.


Message History

The flame tongue hits the iguana.
The iguana is severely wounded.
The goblin shouts!
The orc shouts!
The iguana barely misses you.
Casting: Flame Tongue
Confirm with . or Enter, or press ? or * to list all spells.
Aiming: Flame Tongue
Press: ? - help, Shift-Dir - straight line, f/p - iguana
Aim: an iguana (severely wounded, poisoned)
The flame tongue hits the iguana.
The iguana appears unharmed.
The iguana is severely wounded.
The iguana barely misses you. 2 orcs and an orc priest come into view.
The orc priest shouts!
You hit the iguana.
The iguana looks even sicker.
The iguana is almost dead.
The iguana bites you!
* * * LOW HITPOINT WARNING * * *
The iguana bites you.
You die...

#..##.
#.....######
#..........#
#.......#
###.....<.#
##.........#
##........###
#........(.#
#.......l@.#
#..........#
....(.(..g$#
#.....o....#
##........##
#..........#
#...o.o.o..#
#..........#
#..........#


You could see an iguana, an orc priest, 3 orcs and a goblin.

Vanquished Creatures
  3 adders (D:2)
  A worm (D:2)
  A dart slug (D:2)
  4 bats
  2 giant cockroaches
  5 goblins
  2 hobgoblins
  6 jackals
  7 kobolds
  2 quokkas (D:2)
  3 frilled lizards
  8 rats
44 creatures vanquished.

Notes
Turn   | Place    | Note
-------+----------+-------------------------------------------
     0 | D:1      | gobwax the Demonspawn Fire Elementalist began the quest for the Orb.
     0 | D:1      | Reached XP level 1. HP: 13/13 MP: 3/3
   564 | D:1      | Gained mutation: You have a pair of small antennae on your head. [demonic ancestry]
   564 | D:1      | Reached XP level 2. HP: 19/19 MP: 5/5
   576 | D:1      | Reached skill level 3 in Fire Magic
  1275 | D:2      | Reached XP level 3. HP: 16/24 MP: 6/6
  1513 | D:2      | Reached skill level 1 in Short Blades
  1942 | D:2      | Gained mutation: You have sharp toenails. [demonic ancestry]
  1942 | D:2      | Reached XP level 4. HP: 14/30 MP: 7/7
  2298 | D:3      | HP: 1/30 [iguana (13)]
  2299 | D:3      | Slain by an iguana

Skill      XL: |  1  2  3 |
---------------+----------+-----
Fire Magic     | 3 |  3.7
Short Blades   | 1 |  1.5
Dodging        | |  1.7
Stealth        | |  1.7
Spellcasting   | |  2.5
Conjurations   | |  1.0

Action                   |  1- 3 |  4- 6 || total
-------------------------+-------+-------++-------
Melee: Dagger            |   112 |    13 ||   125
       Kick              |       |     3 ||     3
 Cast: Flame Tongue      |     2 |     2 ||     4
  Use: Potion            |     1 |       ||     1
 Stab: Sleeping          |     7 |       ||     7
  Eat: Chunk             |     3 |     1 ||     4
Armor: Robe              |    35 |     2 ||    37
Dodge: Dodged            |    84 |     5 ||    89
